 Dungeon Crawl Stone Soup version 0.31-a0-455-g1a7b003ef0 (webtiles) character file.

Game seed: 10427575886945741775

949 jasper the Insei (level 7, 0/55 HPs)
             Began as a Demonspawn Shapeshifter on Aug 3, 2023.
             Was a Priest of Makhleb.
             Succumbed to a gnoll sergeant's poison
             ... on level 6 of the Dungeon.
             The game lasted 00:11:30 (4545 turns).

jasper the Insei (Demonspawn Shapeshifter)          Turns: 4545, Time: 00:11:30

Health: 0/55       AC:  4    Str: 15    XL:     7   Next: 90%
Magic:  7/7        EV: 13    Int: 10    God:    Makhleb [***...]
Gold:   177        SH:  4    Dex: 15    Spells: 6/6 levels left

rFire   . .          .
                       - Unarmed
rCold   . . .        (no shield)
rNeg    . . .        p - +1 leather armour {Will+}
rPois   .            (helmet currently unavailable)
rElec   .            (cloak currently unavailable)
rCorr   .            (gloves currently unavailable)
SInv    .            (boots currently unavailable)
Will    +....        (no amulet)
Stlth   +            (no ring)
HPRegen 0.29/turn    (no ring)
MPRegen 0.10/turn

%: no passive effects
@: brilliant, lethally poisoned (0 -> -37), beast-form
A: beast (slay +1), demonic guardian 2, sturdy frame 1, condensation shield
a: Begin Untransformation, Renounce Religion, Minor Destruction, Lesser Servant
of Makhleb


You were on level 6 of the Dungeon.
You worshipped Makhleb.
Makhleb was most pleased with you.
You were a hulking beast.
You visited 1 branch of the dungeon, and saw 6 of its levels.

You collected 233 gold pieces.
You spent 56 gold pieces at shops.

Inventory:

Missiles
 g - 6 atropa-tipped darts
 i - 3 javelins (quivered)
 j - 5 darts of dispersal
 q - 10 poisoned darts
Armour
 a - a +0 animal skin
 b - a +0 helmet
 h - a +2 robe of resistance
 k - a +0 chain mail
 l - a +0 scale mail
 o - a +0 cloak
 p - a +1 leather armour of willpower (worn)
Talismans
 c - a beast talisman (active)
Wands
 m - a wand of roots (9)
Scrolls
 d - a scroll of poison
 e - 2 scrolls of amnesia
 f - 4 scrolls of identify
 n - a scroll of enchant armour
 t - a scroll of immolation
 v - 2 scrolls of noise {unknown}
Potions
 r - a potion of brilliance


   Skills:
 - Level 4.4 Fighting
 - Level 4.4 Dodging
 - Level 6.4 Unarmed Combat
 + Level 1.2 Invocations
 - Level 2.6 Shapeshifting


You had 6 spell levels left.
You didn't know any spells.
Your spell library contained the following spells:

 Spells                   Type           Power      Damage    Failure   Level
 Sting                    Tmut/Pois      0%         1d3       36%         1
 Poisonous Vapours        Pois/Air       0%         N/A       52%         2
 Wereblood                Tmut           0%         N/A       52%         2
 Dazzling Flash           Conj/Hex       0%         N/A       75%         3
 Volatile Blastmotes      Fire/Tloc      0%         2d10      75%         3
 Olgreb's Toxic Radiance  Pois           0%         N/A       98%         4
 Agony                    Necr           0%         N/A       100%        5
 Alistair's Intoxication  Tmut/Pois      0%         N/A       100%        5
 Starburst                Conj/Fire      0%         6d3       100%        6
 Maxwell's Capacitive Co  Air            0%         ∞         100%        8


Dungeon Overview and Level Annotations

Branches:
Dungeon (6/15)
 Temple: D:4-7

Altars:
Dithmenos
Makhleb
Trog
Xom

Shops:
D:2 *

Annotations:
D:4 Edmund


Innate Abilities, Weirdness & Mutations

You are a hulking beast.
Your limbs bulge with bestial killing power. (Slay +1)
A demonic guardian rushes to your aid.
Your movements are slightly less encumbered by armour. (ER -2)
A meltable shield of frost defends you. (SH +4)


Message History

Roots grab the gnoll sergeant.
The grasping roots constrict the gnoll sergeant, but do no damage.
The gnoll sergeant struggles to escape constriction.
The grasping roots constrict the gnoll sergeant.
The roots release their grip on the gnoll sergeant.
The gnoll sergeant hits you from afar with a +2 spear of venom!
You take 6 damage, and have 40/55 hp. 2 gnolls come into view.
The gnoll sergeant hits you with a +2 spear of venom!
You are poisoned.
You take 9 damage, and have 31/55 hp.
You hit the gnoll sergeant but do no damage.
The gnoll sergeant is lightly wounded.
You feel very sick.
The gnoll sergeant completely misses you.
You take 3 damage, and have 28/55 hp.
You completely miss the gnoll sergeant.
The gnoll sergeant is lightly wounded.
You feel sick.
You take 1 damage, and have 27/55 hp.
It was a potion of brilliance.
You feel clever all of a sudden.
You feel sick.
The gnoll sergeant hits you with a +2 spear of venom!
* * * LOW HITPOINT WARNING * * *
You are lethally poisoned!
You take 13 damage, and have 14/55 hp.
MASSIVE DAMAGE!!
It was a potion of heal wounds.
You feel much better.
You feel extremely sick.
The gnoll sergeant hits you with a +2 spear of venom.
* * * LOW HITPOINT WARNING * * *
You are more poisoned.
The gnoll hits you with a +0 flail.
* * * LOW HITPOINT WARNING * * *
A demonic guardian appears!
You take 6 damage, and have 8/55 hp.
As you read the scroll of fear, it crumbles to dust.
You assume a fearsome visage.
The gnoll sergeant looks frightened!
The gnoll looks frightened! x2
You die...

######.....###
#. .....#...##
. ....##.## #.
#.##.# #.
#....# #..
#..###
#..#####..#
#.........#
#.ggh.4#.....#
##.g##...>.....
#.. ###.###.##
#.. #.# .# #..
#.# # #.. #.#
#.. .# ##.


You could see a gnoll sergeant (fleeing), 2 gnolls and a friendly hellwing
(summoned).

Vanquished Creatures
  Grinder (D:3)
  An ice beast (D:5)
  An ogre (D:5)
  A lemure (D:4)
  A phantom (D:5)
  A scorpion (D:4)
  A hound (D:5)
  A jelly (D:5)
  An orc priest (D:5)
  2 sleepcaps (D:6)
  Ijyb (D:3)
  2 orc wizards
  4 gnolls (D:5)
  4 adders
  3 worms
  3 dart slugs
  5 orcs
  3 endoplasms
  4 giant cockroaches
  12 goblins
  6 hobgoblins
  12 jackals
  5 quokkas
  8 ball pythons
  13 bats
  5 frilled lizards
  8 kobolds
  3 rats (D:1)
112 creatures vanquished.

Vanquished Creatures (collateral kills)
  A lemure (D:4)
  Terence (D:3)
  A goblin (D:3)
3 creatures vanquished.

Grand Total: 115 creatures vanquished

Notes
Turn   | Place    | Note
-------+----------+-------------------------------------------
     0 | D:1      | jasper the Demonspawn Shapeshifter began the quest for the
                  | Orb.
     0 | D:1      | Reached XP level 1. HP: 15/15 MP: 1/1
   404 | D:1      | Reached skill level 3 in Unarmed Combat
   404 | D:1      | Gained mutation: A weak demonic guardian rushes to your
                  | aid. [demonic ancestry]
   404 | D:1      | Reached XP level 2. HP: 6/21 MP: 2/2
   488 | D:1      | You fall into a shaft and drop 1 floor!
   827 | D:1      | Reached XP level 3. HP: 26/26 MP: 3/3
  1312 | D:2      | Found a faded altar of an unknown god.
  1334 | D:2      | Prayed at the altar of an unknown god.
  1334 | D:2      | Became a worshipper of Makhleb the Destroyer
  1334 | D:2      | Reached * piety under Makhleb
  1411 | D:2      | Reached XP level 4. HP: 29/33 MP: 4/4
  1497 | D:2      | Found Jaalihoa's Assorted Antiques.
  1508 | D:2      | Bought a scroll labelled LATULEM DEMETS for 28 gold pieces
  1508 | D:2      | Bought a scroll labelled NYACIU UFRAE for 28 gold pieces
  2170 | D:3      | Noticed Ijyb
  2188 | D:3      | Killed Ijyb
  2189 | D:3      | Reached skill level 4 in Unarmed Combat
  2249 | D:3      | Reached ** piety under Makhleb
  2400 | D:3      | Gained mutation: A demonic guardian rushes to your aid.
                  | [demonic ancestry]
  2400 | D:3      | Reached XP level 5. HP: 39/39 MP: 5/5
  2415 | D:3      | Noticed Grinder
  2429 | D:3      | Killed Grinder
  2430 | D:3      | Reached skill level 5 in Unarmed Combat
  2430 | D:3      | Gained mutation: Your movements are slightly less
                  | encumbered by armour. (ER -2) [demonic ancestry]
  2430 | D:3      | Reached XP level 6. HP: 44/47 MP: 6/6
  2657 | D:3      | Noticed Terence
  2796 | D:3      | Killed Terence
  3058 | D:4      | Noticed Edmund
  3299 | D:4      | Found a shadowy altar of Dithmenos.
  3299 | D:4      | Found a bloodstained altar of Trog.
  3300 | D:4      | Found a shimmering altar of Xom.
  3365 | D:5      | Entered Level 5 of the Dungeon
  3427 | D:5      | Noticed an ice beast
  3433 | D:5      | Killed an ice beast
  3434 | D:5      | Gained mutation: A meltable shield of frost defends you.
                  | (SH +4) [demonic ancestry]
  3434 | D:5      | Reached XP level 7. HP: 53/53 MP: 7/7
  3440 | D:5      | Got the Guidebook on Forms and Profane Acts
  3970 | D:5      | Reached skill level 6 in Unarmed Combat
  4454 | D:6      | Reached *** piety under Makhleb
  4494 | D:6      | Reached skill level 1 in Invocations
  4545 | D:6      | Succumbed to a gnoll sergeant's poison

Illustrated notes

Levels and vault maps discovered:
D:1:      dpeg_arrival_fog, layout_loops_corners
D:2:      layout_basic, serial_shops, shop,
          chequers_ecumenical_altar_simple_redux
D:3:      layout_basic, minmay_goblin_outpost, uniq_grinder, uniq_ijyb,
          uniq_terence
D:4:      layout_gridville, chequers_temple_overflow_statue_of_worship,
          lexackson_kobold_supper, uniq_edmund, uniq_pikel
D:5:      layout_loops_ring, serial_bayou, serial_bayou_shore_a,
          serial_bayou_crossing, serial_bayou_lagoon_b, serial_bayou_pond_e,
          serial_bayou_ford_a
D:6:      layout_loops_ring, minitemple, lightli_temple_of_fire,
          minmay_temple_entry_drinking_statues, serial_shops, shop

Skill      XL: |  1  2  3  4  5  6  7 |
---------------+----------------------+-----
Dodging        | 2 3 4 |  4.4
Unarmed Combat | 3 4 5 6 |  6.4
Fighting       | 2 3 4 |  4.4
Invocations    | 1 |  1.2
Shapeshifting  | |  2.6

Action                     |  1- 3 |  4- 6 |  7- 9 || total
---------------------------+-------+-------+-------++-------
  Melee: Unarmed           |   120 |   167 |    88 ||   375
         Punch             |     2 |     1 |     4 ||     7
  Throw: Javelin           |     1 |     5 |     2 ||     8
  Evoke: Wand              |       |     4 |     2 ||     6
    Use: Scroll            |       |     6 |     1 ||     7
         Potion            |       |     2 |     2 ||     4
   Stab: Sleeping          |     2 |       |       ||     2
 Armour: Animal skin       |     8 |       |       ||     8
         Robe              |    22 |       |       ||    22
         Scale mail        |       |    13 |       ||    13
         Leather armour    |       |    33 |     7 ||    40
         Skin              |       |     6 |       ||     6
  Dodge: Dodged            |    64 |    90 |    41 ||   195
  Block: Other             |       |       |    12 ||    12

Table legend: (Time is in decaauts)
 A = Elapsed time spent in this place.
 B = Non-inter-level travel time spent in this place.
 C = Inter-level travel time spent in this place.
 D = Time resting spent in this place.
 E = Time spent auto-exploring this place.
 F = Levels seen in this place.
 G = Mean time per level.
                   A        B        C        D        E       F      G
               +--------+--------+--------+--------+--------+-----+--------+
         Total |   4555 |   4474 |     81 |    428 |   3007 |   6 |  759.2 |
       Dungeon |   4555 |   4474 |     81 |    428 |   3007 |   6 |  759.2 |
               +--------+--------+--------+--------+--------+-----+--------+

Top non-repeatable levels by time:
     D:2: 1136 daAuts
     D:5: 1101 daAuts
     D:1: 1042 daAuts
     D:3: 787 daAuts
     D:4: 377 daAuts
     D:6: 109 daAuts
